 Dungeon Crawl Stone Soup version 0.20-a0-993-gba41c3c (webtiles) character file.

23 Monsterracer the Ruffian (level 3, -11/31 HPs)
             Began as a Naga Transmuter on Apr 11, 2017.
             Mangled by Crazy Yiuf
             ... wielding a +4 quarterstaff of chaos
              (13 damage)
             ... on level 2 of the Dungeon.
             The game lasted 00:03:10 (1198 turns).

Monsterracer the Ruffian (Naga Transmuter)          Turns: 1198, Time: 00:03:10

Health: -11/31     AC:  2    Str: 14    XL:     3   Next: 0%
Magic:  3/6        EV: 10    Int: 14    God:
Gold:   67         SH:  0    Dex: 11    Spells: 2/6 levels left

rFire    + . .     SeeInvis +     - Unarmed
rCold    . . .     Gourm    .   (no shield)
rNeg     . . .     Faith    .   b - +0 robe
rPois    +         Spirit   .   (helmet restricted)
rElec    .         Reflect  .   (no cloak)
rCorr    .         Harm     .   (no gloves)
MR       .....                  (no barding)
Stlth    +.........             (no amulet)
Regen    0.1/turn               (no ring)
MPRegen  0.1/turn               (no ring)

@: very slightly contaminated, very slow
A: beak, see invisible, deformed body, fire resistance 1, poison resistance,
slowness 2, slow metabolism 1, spit poison 1, strong 1, AC +1
a: Spit Poison


You were on level 2 of the Dungeon.
You were hungry.

You visited 1 branch of the dungeon, and saw 2 of its levels.

You collected 67 gold pieces.

Inventory:

Missiles
 a - 28 arrows
Armour
 b - a +0 robe (worn)
Scrolls
 e - 2 scrolls of identify {unknown}
 f - a scroll of teleportation {unknown}
 g - a scroll of recharging {unknown}
 i - a scroll of fog {unknown}
 j - a scroll of random uselessness {unknown}
 k - a scroll of fear {unknown}
 l - a scroll of enchant armour {unknown}
 m - 2 scrolls of blinking {unknown}
Potions
 h - a potion of mutation
Books
 c - a book of Changes

   Spells                             Type                      Level
   a - Beastly Appendage              Transmutation                1
   b - Sticks to Snakes               Transmutation                2
   c - Spider Form                    Transmutation/Poison         3
   d - Ice Form                       Ice/Transmutation            4
   e - Blade Hands                    Transmutation                5
Comestibles
 d - 2 bread rations


   Skills:
 - Level 1.0 Fighting
 - Level 1.5 Dodging
 + Level 3.2 Unarmed Combat
 - Level 2.0 Spellcasting
 * Level 3.1 Transmutations


You had 2 spell levels left.
You knew the following spells:

 Your Spells              Type           Power        Failure   Level  Hunger
a - Beastly Appendage     Tmut           ##....       10%         1    ##.....
b - Spider Form           Tmut/Pois      #.........   38%         3    ####...


Dungeon Overview and Level Annotations

Branches:
Dungeon (2/15)

Altars:

Annotations:
D:2 Crazy Yiuf


Innate Abilities, Weirdness & Mutations

You cannot wear boots.
Your serpentine skin is tough. (AC +1)
You have supernaturally acute eyesight. (SInv)
Armour fits poorly on your strangely shaped body.
Your system is resistant to poisons. (rPois)
You cover ground very slowly.
You have a slow metabolism.
You can spit poison.
You have a beak for a mouth.
Your flesh is heat resistant. (rF+)
Your muscles are strong. (Str +2)


Message History

As you open the door, it creaks loudly!
Crazy Yiuf the Enlightened comes into view.
He is wielding a quarterstaff of chaos.
Crazy Yiuf shouts!
Found a mace.
Press: ? - help, Shift-Dir - straight line, f - Crazy Yiuf
Aim: Crazy Yiuf, wielding a quarterstaff of chaos and wearing a cloak The splash of poison hits Crazy Yiuf.
Crazy Yiuf is heavily wounded.
You feel slightly more hungry.
Crazy Yiuf hits you with a quarterstaff of chaos!
You are electrocuted!
Ouch! That really hurt!
* * * LOW HITPOINT WARNING * * *
There is an open door here.
You hit Crazy Yiuf but do no damage. You peck Crazy Yiuf.
Crazy Yiuf is heavily wounded.
You have got your breath back.
Crazy Yiuf whimpers, "Citrus!
You illywillydillykilly pontify."
Crazy Yiuf hits you with a quarterstaff of chaos!
You die...

#...........
#.###†###### #.#
#.# ### #.# #.#
#.## #### ♣♣##..#
#)..#♣♣ ♣♣.....#
#..g@.♣♣♣♣......#
#...#♣..♣......##
#### ♣♣♣.♣....##
♣♣♣♣♣###


You could see Crazy Yiuf.

Vanquished Creatures
  2 dart slugs
  5 bats
  3 hobgoblins (D:1)
  2 frilled lizards (D:1)
  2 goblins
  2 kobolds (D:1)
  4 rats (D:1)
20 creatures vanquished.

Notes
Turn   | Place    | Note
-------+----------+-------------------------------------------
     0 | D:1      | Monsterracer the Naga Transmuter began the quest for the Orb.
     0 | D:1      | Reached XP level 1. HP: 18/18 MP: 3/3
   297 | D:1      | Gained mutation: Your muscles are strong. (Str +2) [potion of mutation]
   297 | D:1      | Gained mutation: You have a beak for a mouth. [potion of mutation]
   297 | D:1      | Gained mutation: Your flesh is heat resistant. (rF+) [potion of mutation]
   353 | D:1      | Reached XP level 2. HP: 23/25 MP: 5/5
   825 | D:1      | You fall through a shaft!
  1154 | D:2      | Reached XP level 3. HP: 31/31 MP: 4/6
  1159 | D:2      | Learned a level 3 spell: Spider Form
  1190 | D:2      | Found a runed door.
  1195 | D:2      | Noticed Crazy Yiuf
  1198 | D:2      | Mangled by Crazy Yiuf

Vault maps used:
D:1:      dpeg_arrival_boxorama
D:2:      minmay_crystal_water, kennysheep_generic_room_4,
          uniq_crazy_yiuf_cottage

Skill      XL: |  1  2 |
---------------+-------+-----
Transmutations | 3 |  3.1
Fighting       | |  1.0
Dodging        | |  1.5
Unarmed Combat | |  3.2
Spellcasting   | |  2.0

Action                   || total
-------------------------++-------
Melee: Unarmed           ||    52
       Headbutt          ||     3
       Peck              ||     5
 Cast: Beastly Appendage ||     6
 Abil: Spit Poison       ||     3
  Use: Potion            ||     4
Armor: Robe              ||    12
Dodge: Dodged            ||    29
